 Dungeon Sprint DCSS version 0.19-a0-593-gf2cdb02 (webtiles) character file.

40 Kidiri the Magician (level 3, -6/21 HPs)
             Began as a Deep Elf Fire Elementalist on June 10, 2016.
             Was an Initiate of Vehumet.
             Killed by divine providence
             ... invoked by an orc priest
              (13 damage)
             ... in the Dungeon (Sprint V: "Ziggurat Sprint").
             The game lasted 00:01:48 (131 turns).

Kidiri the Magician (Deep Elf Fire Elementalist)     Turns: 131, Time: 00:01:51

Health: -6/21      AC:  2    Str:  5    XL:     3   Next: 30%
Magic:  5/12       EV: 14    Int: 26    God:    Vehumet [......]
Gold:   0          SH:  8    Dex: 21    Spells: 4 memorised, 4 levels left

rFire  . . .     SeeInvis .     J - +5 quick blade
rCold  . . .     Gourm    .     a - +0 robe
rNeg   . . .     Faith    .     I - +3 buckler
rPois  .         Spirit   .     (no helmet)
rElec  .         Dismiss  .     (no cloak)
rCorr  .         Reflect  .     (no gloves)
SustAt .         Harm     .     (no boots)
MR     .....     NoTele   +     (no amulet)
Stlth  ++........               A - +6 ring of intelligence
                                y - +6 ring of dexterity

@: very slightly contaminated, not resistant to hostile enchantments, unstealthy
A: no striking features
a: Renounce Religion


You were in the Dungeon.
You worshipped Vehumet.
Vehumet was noncommittal.
You were not hungry.

You visited 1 branch

Inventory:

Hand Weapons
 J - a +5 quick blade (weapon)
Armour
 a - a +0 robe (worn)
 I - a +3 buckler (worn)
 K - the +18 shield of the Gong {rElec rN+ MR+ EV-5}
   (You found it in the Dungeon)

   It affects your evasion (-5).
   It insulates you from electricity.
   It protects you from negative energy.
   It affects your resistance to hostile enchantments.
Jewellery
 y - a +6 ring of dexterity (left hand)
 z - a +6 ring of dexterity
 A - a +6 ring of intelligence (right hand)
 B - a +6 ring of intelligence
 C - a +6 ring of strength
 D - a +6 ring of strength
 L - an uncursed ring of protection from cold
Wands
 E - a wand of disintegration (7/24)
 F - a wand of iceblast (5/15)
 G - a wand of lightning (5/15)
 H - a wand of acid (5/15)
Scrolls
 i - 4 scrolls of blinking
 p - 4 scrolls of amnesia
 q - 3 scrolls of recharging
 r - 7 scrolls of fog
 s - a scroll of holy word
 t - 5 scrolls of identify
 u - 5 scrolls of remove curse
 v - 2 scrolls of fear
Potions
 d - 10 potions of curing
 e - 10 potions of heal wounds
 f - 6 potions of haste
 g - 7 potions of magic
 h - 3 potions of berserk rage
 j - 2 potions of brilliance
 k - 2 potions of invisibility
 l - 4 potions of resistance
 n - 5 potions of agility
 o - 5 potions of might
Books
 b - a book of Flames

   Spells                             Type                      Level
   a - Flame Tongue                   Conjuration/Fire             1
   b - Throw Flame                    Conjuration/Fire             2
   c - Conjure Flame                  Conjuration/Fire             3
   d - Inner Flame                    Hexes/Fire                   3
   e - Sticky Flame                   Conjuration/Fire             4
   f - Fireball                       Conjuration/Fire             5
Comestibles
 c - 5 bread rations
 m - 7 chunks of flesh
 w - 42 fruits
 x - 4 meat rations


   Skills:
 + Level 1.9 Fighting
 + Level 2.1 Short Blades
 + Level 1.7 Armour
 + Level 3.8 Dodging
 - Level 2.4 Stealth
 + Level 1.9 Shields
 * Level 5.5 Spellcasting
 * Level 4.1 Conjurations
 * Level 5.1 Fire Magic


You had 4 spell levels left.
You knew the following spells:

 Your Spells              Type           Power        Failure   Level  Hunger
a - Flame Tongue          Conj/Fire      ####.        1%          1    None
b - Throw Flame           Conj/Fire      ####..       1%          2    None
c - Conjure Flame         Conj/Fire      ####....     4%          3    #......
d - Inner Flame           Hex/Fire       ###.....     12%         3    #......


Dungeon Overview and Level Annotations

Branches:
Dungeon (1/1)

Altars:
Ashenzari
Cheibriados
Dithmenos
Elyvilon
Fedhas
Gozag
Hepliaklqana
Kikubaaqudgha
Makhleb
Nemelex Xobeh
Okawaru
Pakellas
Qazlal
Ru
Sif Muna
Trog
Uskayaw
Vehumet
Xom
Yredelemnul
Zin
The Shining One
Beogh
Jiyva
Lugonu


Message History

Confirm with . or Enter, or press ? or * to list all spells.
Aiming: Inner Flame
Press: ? - help, Shift-Dir - straight line, f - orc priest, p - orc priest
Aim: an orc priest, wielding a flail (chance to defeat MR: 76%)
The orc priest is filled with an inner flame.
The orc priest shouts!
Unknown command.
Casting: Inner Flame
Confirm with . or Enter, or press ? or * to list all spells.
Aiming: Flame Tongue
Press: ? - help, Shift-Dir - straight line, f/p - orc priest
Aim: an orc priest, wielding a flail (inner flame)
The flame tongue misses the orc priest. x2
The orc priest mumbles some strange prayers to Beogh against you.
Beogh smites you!
Ouch! That really hurt!
The orc priest mumbles some strange prayers to Beogh against you.
Beogh smites you!
Ouch! That really hurt!
You die...

▓▓▓▓▓▓▓▓▓▓▓▓▓
▓.8©8.▓.8©8.▓
▓.)}=.▓.....▓
▓..o..▓...).▓
▓.....▓.÷...▓
▓.oo..▓..)..▓
▓.....▓.....▓
▓..@..▓▓▓▓▓▓▓
▓▓▓▓▓▓▓


You could see 3 orc priests.

Vanquished Creatures
  An orc priest (D)
  An orc (D)
2 creatures vanquished.

Notes
Turn   | Place    | Note
--------------------------------------------------------------
     0 | D        | Kidiri the Deep Elf Fire Elementalist began the quest for the Orb.
     0 | D        | Reached XP level 1. HP: 10/10 MP: 6/6
     0 | D        | Found a blossoming altar of Fedhas.
     0 | D        | Found a snail-covered altar of Cheibriados.
     0 | D        | Found a viscous altar of Jiyva.
     0 | D        | Found a roughly hewn altar of Beogh.
     0 | D        | Found a corrupted altar of Lugonu.
     1 | D        | Found a white marble altar of Elyvilon.
     1 | D        | Found a shimmering altar of Xom.
     3 | D        | Found a deep blue altar of Sif Muna.
     3 | D        | Found a burning altar of Makhleb.
     3 | D        | Found a bloodstained altar of Trog.
     3 | D        | Found an iron altar of Okawaru.
     3 | D        | Found a sparkling altar of Nemelex Xobeh.
     3 | D        | Found a radiant altar of Vehumet.
    49 | D        | Reached skill level 1 in Fighting
    49 | D        | Reached skill level 1 in Short Blades
    49 | D        | Reached skill level 1 in Armour
    49 | D        | Reached skill level 1 in Shields
    49 | D        | Reached skill level 5 in Spellcasting
    49 | D        | Reached XP level 2. HP: 16/16 MP: 7/10
    53 | D        | Learned a level 2 spell: Throw Flame
    64 | D        | Became a worshipper of Vehumet
    76 | D        | Entered arena 1.
    78 | D        | Reached skill level 5 in Fire Magic
    78 | D        | Reached XP level 3. HP: 21/21 MP: 9/12
   120 | D        | Learned a level 3 spell: Conjure Flame
   124 | D        | Learned a level 3 spell: Inner Flame
   128 | D        | Entered arena 2.
   131 | D        | Killed from afar by an orc priest

Vault maps used:
D:        sprint_v

Skill      XL: |  1  2 |
---------------+-------+-----
Fighting       | 1 |  1.9
Short Blades   | 1 2 |  2.1
Armour         | 1 |  1.7
Dodging        | 3 |  3.8
Shields        | 1 |  1.9
Spellcasting   | 5 |  5.5
Conjurations   | 3 4 |  4.1
Fire Magic     | 4 5 |  5.1
Stealth        | |  2.4

Action                   || total
-------------------------++-------
 Cast: Flame Tongue      ||     5
       Inner Flame       ||     1
  Use: Potion            ||     1
Block: Buckler           ||     1
